AoeStats
← LavishlyMoist

Oasis

509843603Analyzed
3v3 RM · 3d ago on Sep 28, 2026· 36m 57s· 6 players
Game mode
Random Map
Map size
Normal (6 player)
Population
200
Speed
Normal
Resources
Standard
Victory
Conquest
Starting age
Dark Age
Ending age
Imperial Age
RankedLock teamsTeams togetherTeam positionsShared explorationLock speedFull tech treeHidden civsTurbo modeCheats
Victory
Defeat
🇫🇷 Saracens · France
1387
+12
🇫🇷 Japanese · France
1373
+12
🇫🇷 Poles · France
1254
+17
🇦🇺 Danes · Australia
1491
-21
🇦🇺 Byzantines · Australia
1188
-10
🇦🇺 Ethiopians · Australia
1187
-10
Baptou the WololOnager
7:24 Loom
9:48 Feudal Age
12:14 Double-Bit Axe
13:51 Fletching
14:11 Gold Mining
16:46 Padded Archer Armor
20:10 Wheelbarrow
24:55 Castle Age
25:00 Crossbowman
25:46 Thumb Ring
25:25 Horse Collar
25:58 Bow Saw
26:01 Bodkin Arrow
27:45 Gold Shaft Mining
30:51 Leather Archer Armor
31:00 Ballistics
37:39 Imperial Age
37:05 Town Watch
37:35 Hand Cart
hagrond
4:29 Loom
7:29 Loom
9:43 Feudal Age
10:22 Double-Bit Axe
11:34 Horse Collar
16:02 Scale Barding Armor
18:18 Forging
20:59 Bloodlines
22:20 Wheelbarrow
27:05 Castle Age
27:49 Husbandry
27:34 Light Cavalry
29:46 Bow Saw
30:56 Heavy Plow
32:35 Hand Cart
33:17 Iron Casting
34:17 Gold Mining
35:17 Chain Barding Armor
35:43 Szlachta Privileges
Alturiak
9:08 Feudal Age
9:05 Loom
9:09 Man-at-Arms
9:37 Double-Bit Axe
21:22 Castle Age
19:23 Horse Collar
20:21 Fletching
20:53 Gold Mining
21:45 Padded Archer Armor
22:11 Bodkin Arrow
22:59 Bow Saw
26:00 Leather Archer Armor
26:22 Bloodlines
29:19 Wheelbarrow
34:15 Town Watch
35:59 Thumb Ring
LavishlyMoist
7:12 Loom
10:16 Feudal Age
10:44 Double-Bit Axe
16:07 Fletching
18:56 Padded Archer Armor
18:42 Horse Collar
22:59 Castle Age
21:12 Gold Mining
23:04 Crossbowman
23:43 Bodkin Arrow
24:00 Thumb Ring
25:38 Wheelbarrow
28:14 Heavy Plow
28:26 Bow Saw
29:06 Leather Archer Armor
30:33 Ballistics
30:17 Elite Skirmisher
30:23 Elite Skirmisher
SkibidiBanditSlayer
6:52 Loom
9:53 Feudal Age
10:32 Double-Bit Axe
12:32 Horse Collar
15:44 Padded Archer Armor
15:53 Fletching
21:36 Wheelbarrow
Kwisatz Haderach
11:40 Feudal Age
13:33 Loom
17:48 Castle Age
16:14 Double-Bit Axe
17:04 Fletching
24:09 Bodkin Arrow
26:05 Padded Archer Armor
27:02 Leather Archer Armor
27:08 Elite Skirmisher
35:22 Scale Mail Armor
Connection lost

Rejoining the realm…

Still unreachable

The connection could not be restored.

Session expired

The server has moved on; the page needs a fresh start.